 Dungeon Crawl Stone Soup version 0.30.0-5-g1a98f26d00 (webtiles) character file.

Game seed: 8454171361348260374

42464 edwardauron the Sage (level 13, -3/77 HPs)
             Began as a Spriggan Hexslinger on May 13, 2023.
             Was a High Priest of Sif Muna.
             Slain by a death yak (15 damage)
             ... on level 3 of the Lair of Beasts.
             The game lasted 00:33:32 (15666 turns).

edwardauron the Sage (Spriggan Hexslinger)         Turns: 15666, Time: 00:33:33

Health: -3/77      AC: 16    Str:  5    XL:     13   Next: 85%
Magic:  17/23      EV: 39    Int: 19    God:    Sif Muna [*****.]
Gold:   1356       SH:  0    Dex: 25    Spells: 4/18 levels left

rFire   . . .        a - melded +11 dagger of Dithmenos's Generosity {elec, *Rage rElec rC+ rN+++}
rCold   . . .        (shield currently unavailable)
rNeg    . . .        N - melded +2 robe {rC+}
rPois   ∞            (helmet currently unavailable)
rElec   +            (cloak currently unavailable)
rCorr   .            (gloves unavailable)
SInv    +            (boots unavailable)
Will    ++...        w - amulet of faith
Stlth   ++           K - +5 ring of evasion
HPRegen 0.32/turn    k - +6 ring of dexterity
MPRegen 0.18/turn

%: faith
@: mighty, storm-form, flying, hasted, studying Ranged Weapons, very quick
A: cleaving, insubstantial, flying, very small, no large weapons, unfitting
armour, see invisible, (speed 3), (horns 1), clever 1, (deformed body), robust 1
a: Blinkbolt, End Transformation, Renounce Religion, Channel Magic, Forget
Spell, Divine Exegesis


You were on level 3 of the Lair of Beasts.
You worshipped Sif Muna.
Sif Muna was extremely pleased with you.
You were a lightning-filled tempest!
You visited 2 branches of the dungeon, and saw 16 of its levels.
You also visited: Ossuary and Ice Cave.

You collected 1956 gold pieces.
You spent 600 gold pieces at shops.

Inventory:

Hand Weapons
 a - the +11 dagger of Dithmenos's Generosity (melded) {elec, *Rage rElec rC+ rN+++}
   (You found it on level 3 of the Dungeon)

   rC:        It protects you from cold.
   rElec:     It insulates you from electricity.
   rN:        It renders you almost immune to negative energy.
   *Rage:     It berserks you when you make melee attacks (+20% chance).
 b - a +9 sling
Missiles
 l - a throwing net
 o - 36 poisoned darts
Armour
 N - a +2 robe of cold resistance (melded)
Magical Staves
 c - a staff of fire
 q - a staff of air
Jewellery
 e - a ring of flight
 h - a ring of resist corrosion
 k - a +6 ring of dexterity (right fist)
 w - an amulet of faith (around neck)
 C - an amulet of guardian spirit
 D - a ring of willpower
 H - a ring of wizardry
 J - an amulet of reflection
 K - a +5 ring of evasion (left fist)
 Q - an amulet of magic regeneration
Wands
 p - a wand of flame (4)
 t - a wand of charming (4)
 A - a wand of quicksilver (17)
 F - a wand of polymorph (4)
 G - a wand of iceblast (7)
 U - a wand of mindburst (2)
Scrolls
 i - 10 scrolls of teleportation
 j - 7 scrolls of vulnerability
 s - 2 scrolls of amnesia
 v - 4 scrolls of poison
 y - 2 scrolls of immolation
 z - a scroll of silence
 L - 4 scrolls of enchant armour
 O - a scroll of magic mapping
 P - 3 scrolls of blinking
 R - a scroll of enchant weapon
Potions
 d - 5 potions of might
 f - 13 potions of curing
 g - 2 potions of magic
 m - 5 potions of cancellation
 n - 3 potions of berserk rage
 r - 3 potions of flight
 u - 2 potions of haste
 E - a potion of brilliance
 I - a potion of attraction
 T - a potion of resistance
 V - a potion of ambrosia
Miscellaneous
 B - a condenser vane
 M - a piece from Xom's chessboard (15/15)


   Skills:
 - Level 9.1 Fighting
 - Level 11.9 Short Blades
 - Level 11.0 Ranged Weapons
 - Level 10.7 Dodging
 - Level 1.0 Stealth
 - Level 3.2 Spellcasting
 - Level 4.7 Hexes
 + Level 12.6 Invocations
 - Level 10.0 Evocations


You had 4 spell levels left.
You knew the following spells:

 Your Spells              Type           Power      Damage    Failure   Level
a - Slow                  Hex            84%        N/A       2%          1
b - Plasma Beam           Fire/Air       1%         2x1d12    100%        6
c - Storm Form            Tmut/Air       1%         N/A       100%        7

Your spell library contained the following spells:

 Spells                   Type           Power      Damage    Failure   Level
 Tukima's Dance           Hex            21%        N/A       6%          3
 Beastly Appendage        Tmut           6%         N/A       16%         1
 Inner Flame              Hex/Fire       12%        N/A       17%         3
 Portal Projectile        Hex/Tloc       24%        N/A       17%         3
 Blink                    Tloc           6%         N/A       22%         2
 Call Imp                 Summ           6%         N/A       22%         2
 Lesser Beckoning         Tloc           6%         N/A       22%         2
 Momentum Strike          Conj/Tloc      6%         3d8       22%         2
 Poisonous Vapours        Pois/Air       6%         N/A       22%         2
 Cause Fear               Hex            10%        N/A       22%         4
 Spider Form              Tmut/Pois      3%         N/A       41%         3
 Vhi's Electric Charge    Tloc/Air       6%         N/A       41%         3
 Anguish                  Hex/Necr       6%         N/A       50%         4
 Airstrike                Air            1%         2d(1-17)  83%         4
 Manifold Assault         Tloc           3%         N/A       83%         4
 Petrify                  Tmut/Erth      3%         N/A       83%         4
 Summon Ice Beast         Ice/Summ       3%         N/A       83%         4
 Metabolic Englaciation   Hex/Ice        6%         N/A       83%         5
 Silence                  Hex/Air        6%         N/A       83%         5
 Summon Mana Viper        Hex/Summ       12%        N/A       83%         5
 Arcjolt                  Conj/Air       1%         1d11      99%         5
 Statue Form              Tmut/Erth      2%         N/A       100%        6
 Summon Cactus Giant      Summ           1%         N/A       100%        6
 Enfeeble                 Hex            10%        N/A       100%        7
 Monstrous Menagerie      Summ           1%         N/A       100%        7


Dungeon Overview and Level Annotations

Branches:
Dungeon (13/15)            Temple (0/1) D:7            Lair (3/5) D:10
 Spider (0/4) Lair:2          Orc (0/2) D:11        Ossuary (visited)
  IceCv (visited)
  Swamp: Lair:2-3    Shoals: Lair:2-3    Vaults: D:13-14

Altars:
Dithmenos
Fedhas
Kikubaaqudgha
Sif Muna
Trog
Uskayaw
Xom
Yredelemnul
Zin
The Shining One

Shops:
D:7 *   D:8 (   D:9 !


Innate Abilities, Weirdness & Mutations

You are a lightning-filled tempest!
Your electrical attacks strike out in all directions at once.
You are incredibly evasive.
Your insubstantial body is immune to petrification, constriction, and being set on fire You are flying.
You are immune to poison.
Your armour is entirely melded.
You are incapable of wielding weapons or throwing items.
You are very small and have problems with some larger weapons.
You are too small for most types of armour.
You have supernaturally acute eyesight. (SInv)
((You cover ground extremely quickly. (Speed+++)))
((You have a pair of small horns on your head.))
Your mind is acute. (Int +4, Str/Dex -1)
((Armour fits poorly on your strangely shaped body.))
You are robust. (+10% HP)


Message History

The five-headed hydra closely misses you.
The five-headed hydra completely misses you.
The five-headed hydra closely misses you.
The five-headed hydra bites you but does no damage.
The wyvern bites you!
* * * LOW HITPOINT WARNING * * *
The death yak completely misses you.
You buffet the death yak!
The death yak is lightly wounded.
You batter the wyvern!!
You kill the wyvern!
Sif Muna accepts your kill.
You buffet the five-headed hydra!
Lightning courses through the five-headed hydra!!
You kill the five-headed hydra!
Sif Muna accepts your kill.
You buffet the death yak!
You kill the death yak!
Sif Muna accepts your kill.
You buffet the death yak!
Lightning courses through the death yak!!
The death yak is heavily wounded.
Unknown command.
You buffet the death yak!
Lightning courses through the death yak!
The death yak is almost dead.
You batter the death yak!!
You kill the death yak!
Sif Muna accepts your kill.
You buffet the death yak!
Lightning courses through the death yak!!
The death yak is moderately wounded.
The death yak misses you.
You buffet the death yak!
Lightning courses through the death yak!
The death yak is severely wounded.
You buffet the death yak!
The death yak is almost dead.
The death yak gores you!
You die...

#......### #........##
..# ###........P######
.... P............#.#P.
.... .................
.....
#..........#.###......
#.#.....†.#.............
......†v##.....<.#......
......†#YY..............
...#.###......#..#......
...........#.#..........
....8....###............
........##........$.....
#.8...8. #.....=........
....... ##.............
...8... #.............


You could see 2 death yaks.

Vanquished Creatures
  Josephine (D:11)
  2 hydras
  A centaur warrior (D:12)
  The ghost of Faydane the Thaumaturge, a journeyman HuHW of Vehumet (D:10)
  2 two-headed ogres
  A boulder beetle (D:12)
  2 death yaks (Lair:3)
  Amaemon (Lair:1)
  A pharaoh ant (Lair:2)
  Lodul (D:10)
  Pikel (D:4)
  2 wolf spider zombies (D:12)
  A deep elf pyromancer (D:11)
  7 ugly things
  3 cyclopes
  A manticore (D:12)
  4 elephants (Lair:2)
  5 centaur zombies (D:12)
  3 ice statues (IceCv)
  A gargoyle (D:11)
  A rime drake (Lair:1)
  An orange demon (Lair:1)
  3 cane toads
  2 unseen horrors
  A kobold demonologist (D:9)
  Psyche (D:12)
  A freezing wraith (IceCv)
  3 komodo dragons
  A troll (shapeshifter) (D:10)
  2 tarantellas (Lair:2)
  6 slime creatures (D:12)
  A meliai zombie (D:12)
  A jumping spider (shapeshifter) (D:10)
  6 shadows
  7 wraiths
  5 vampires (D:12)
  2 dire elephant simulacra (IceCv)
  30 yaks
  2 wyverns
  5 basilisks
  A neqoxec (D:10)
  A redback (Lair:2)
  5 vampire mosquitoes (D:12)
  2 death yak simulacra (IceCv)
  2 acid dragons
  11 water moccasins
  A swamp drake (shapeshifter) (D:10)
  4 ice beasts
  2 orc warriors
  A sky beast (D:7)
  3 black bears
  12 ogres
  6 wolves (Lair:2)
  2 centaurs
  4 lemures (D:4)
  2 phantoms
  4 kobold brigands
  Blork the orc (D:4)
  9 bullfrogs
  A cane toad simulacrum (IceCv)
  2 scorpions
  2 gnoll sergeants (D:12)
  8 wights
  5 killer bees (D:10)
  A vampire bat (D:3)
  A howler monkey (D:9)
  4 hounds
  A gnoll bouda (D:8)
  4 orc priests
  5 iguanas
  4 jellies
  11 orc wizards
  2 polar bear simulacra (IceCv)
  2 wolf simulacra (IceCv)
  8 mummies (Ossuary)
  11 gnolls
  3 adders
  A white imp (D:7)
  2 ufetubi
  A worm (D:2)
  A dart slug (D:2)
  24 orcs
  16 bats
  11 endoplasms
  2 giant cockroaches
  A gnoll zombie (Ossuary)
  7 goblins
  11 hobgoblins
  8 jackals
  3 quokkas
  7 ball pythons
  A bat (shapeshifter) (D:10)
  A frilled lizard (D:2)
  A hobgoblin zombie (Ossuary)
  23 kobolds
  4 kobold zombies (Ossuary)
  2 orc zombies (Ossuary)
  5 rats
402 creatures vanquished.

Vanquished Creatures (collateral kills)
  An endoplasm (D:4)
  A giant cockroach (D:4)
  4 kobolds (D:6)
6 creatures vanquished.

Grand Total: 408 creatures vanquished

Notes
Turn   | Place    | Note
-------+----------+-------------------------------------------
     0 | D:1      | edwardauron the Spriggan Hexslinger began the quest for the
                  | Orb.
     0 | D:1      | Reached XP level 1. HP: 9/9 MP: 3/3
   128 | D:1      | Reached XP level 2. HP: 14/14 MP: 5/5
   561 | D:1      | Reached XP level 3. HP: 17/17 MP: 7/7
  1555 | D:3      | Noticed a bullfrog
  1621 | D:3      | Killed a bullfrog
  1622 | D:3      | Reached XP level 4. HP: 21/21 MP: 9/9
  1658 | D:3      | Reached XP level 5. HP: 25/25 MP: 10/10
  1692 | D:3      | Found a bloodstained altar of Trog.
  1756 | D:3      | Found a faded altar of an unknown god.
  1774 | D:3      | Prayed at the altar of an unknown god.
  1774 | D:3      | Became a worshipper of Xom of Chaos
  1816 | D:3      | Identified the +11 dagger of Dithmenos's Generosity {elec,
                  | *Rage rElec rC+ rN+++}
  2260 | D:3      | Found a basalt altar of Yredelemnul.
  2450 | D:4      | Reached XP level 6. HP: 29/29 MP: 11/11
  2545 | D:4      | Reached skill level 5 in Ranged Weapons
  2588 | D:4      | XOM: cast spell 'Olgreb's Toxic Radiance'
  2589 | D:4      | Noticed Pikel
  2605 | D:4      | XOM: blink monster(s)
  2671 | D:4      | XOM: 1-stop teleportation journey
  2678 | D:4      | Noticed Blork the orc
  2687 | D:4      | Killed Blork the orc
  2688 | D:4      | Reached skill level 1 in Short Blades
  2688 | D:4      | Reached skill level 1 in Stealth
  2698 | D:4      | XOM: summons 1 hostile demon
  2735 | D:4      | XOM: enchant monster (good)
  2800 | D:4      | XOM: cleaving
  2802 | D:4      | XOM: 1-stop teleportation journey
  2913 | D:4      | XOM: confusion (+ monsters)
  2931 | D:4      | Reached XP level 7. HP: 32/32 MP: 12/12
  2945 | D:4      | XOM: butterfly on damage
  2977 | D:4      | XOM: summons friendly ufetubus
  2979 | D:4      | Killed Pikel
  2980 | D:4      | Reached XP level 8. HP: 18/37 MP: 13/13
  3118 | D:4      | XOM: give mutations
  3118 | D:4      | Gained mutation: You occasionally lose the ability to read
                  | scrolls when taking damage. [Xom's mischief]
  3118 | D:4      | Gained mutation: You sometimes lose your temper in combat.
                  | [Xom's mischief]
  3133 | D:4      | Found a shimmering blue altar of Sif Muna.
  3153 | D:4      | XOM: summons 5 hostile demons
  3154 | D:4      | Noticed a rust devil
  3249 | D:4      | Fell from the grace of Xom
  3249 | D:4      | Became a worshipper of Sif Muna the Loreminder
  3677 | D:5      | Entered Level 5 of the Dungeon
  3843 | D:5      | XOM: 2-stop teleportation journey
  4363 | D:6      | Reached XP level 9. HP: 40/40 MP: 14/14
  4499 | D:6      | Reached * piety under Sif Muna
  4520 | D:6      | XOM: summons 6 friendly demons
  4963 | D:6      | XOM: noise
  4966 | D:6      | Found a sand-covered staircase.
  4971 | Ossuary  | Entered an ossuary
  5035 | Ossuary  | Reached ** piety under Sif Muna
  5105 | Ossuary  | XOM: summons 1 hostile demon
  5337 | D:6      | Reached skill level 10 in Ranged Weapons
  5355 | D:6      | Found a glowing drain.
  5510 | D:6      | XOM: torment (27/40 hp)
  5580 | D:7      | Reached skill level 10 in Dodging
  5685 | D:7      | Reached skill level 5 in Short Blades
  5694 | D:7      | XOM: noise
  5703 | D:7      | XOM: 2-stop teleportation journey
  5713 | D:7      | Found Eierackoa's Eclectic Emporium.
  5719 | D:7      | Bought a potion of experience for 600 gold pieces
  5719 | D:7      | Reached XP level 10. HP: 58/58 MP: 15/15
  5727 | D:7      | Learned a level 6 spell: Plasma Beam
  5779 | D:7      | XOM: give mutations
  5779 | D:7      | Gained mutation: You have large cloven feet. [Xom's
                  | mischief]
  5779 | D:7      | Gained mutation: You have an increased reservoir of magic.
                  | (+10% MP) [Xom's mischief]
  5779 | D:7      | Lost mutation: You have large cloven feet. [Xom's mischief]
  5885 | D:7      | XOM: noise
  6033 | D:7      | XOM: summons 2 hostile shadow creatures
  6171 | D:7      | Found a staircase to the Ecumenical Temple.
  6471 | D:7      | XOM: summons 9 hostile demons
  6577 | D:7      | XOM: noise
  6592 | D:8      | XOM: noise
  6605 | D:8      | Found Inora's Antique Weapon Shop.
  6752 | D:8      | Lost mutation: You occasionally lose the ability to read
                  | scrolls when taking damage. [potion of mutation]
  6752 | D:8      | Lost mutation: You sometimes lose your temper in combat.
                  | [potion of mutation]
  6752 | D:8      | Gained mutation: Armour fits poorly on your strangely
                  | shaped body. [potion of mutation]
  6752 | D:8      | Gained mutation: You occasionally lose the ability to read
                  | scrolls when taking damage. [potion of mutation]
  6795 | D:8      | Found a blossoming altar of Fedhas.
  6862 | D:8      | Found an ancient bone altar of Kikubaaqudgha.
  6865 | D:8      | Found a shadowy altar of Dithmenos.
  6865 | D:8      | Found a glowing golden altar of the Shining One.
  6933 | D:8      | Found a glowing silver altar of Zin.
  6975 | D:8      | Found a hide-covered altar of Uskayaw.
  7054 | D:8      | Reached skill level 1 in Evocations
  7250 | D:8      | Reached *** piety under Sif Muna
  7646 | D:9      | Found Teraicw's Distillery.
  7954 | D:9      | Noticed a rust devil
  8295 | D:9      | Reached XP level 11. HP: 62/62 MP: 18/18
  8537 | D:10     | Entered Level 10 of the Dungeon
  8573 | D:10     | Found a runed translucent gate.
  8573 | D:10     | Found a runed translucent gate.
  8573 | D:10     | Found a runed translucent gate.
  8624 | D:10     | Noticed a two-headed ogre
  8631 | D:10     | Killed a two-headed ogre
  8632 | D:10     | Reached skill level 5 in Evocations
  9011 | D:10     | Found a staircase to the Lair.
  9022 | D:10     | Noticed a brown ugly thing
  9023 | D:10     | Noticed a brown ugly thing
  9023 | D:10     | Noticed a white ugly thing
  9070 | D:10     | XOM: noise
  9125 | D:10     | Noticed Lodul
  9143 | D:10     | Reached **** piety under Sif Muna
  9149 | D:10     | Killed Lodul
  9158 | D:10     | XOM: silly message
  9198 | D:10     | Noticed a green ugly thing
  9198 | D:10     | Noticed a green ugly thing
  9447 | D:10     | XOM: cloud trail
  9467 | D:10     | a culicivora changed into a mana viper
  9467 | D:10     | Noticed a mana viper (glowing shapeshifter)
  9468 | D:10     | a mana viper changed into a jumping spider
  9473 | D:10     | Killed a green ugly thing
  9474 | D:10     | Reached skill level 10 in Evocations
  9479 | D:10     | Killed a cyan ugly thing
  9490 | D:10     | Killed a purple ugly thing
  9495 | D:10     | Killed a purple ugly thing
  9498 | D:10     | Killed a white ugly thing
  9504 | D:10     | Found a runed translucent gate.
  9504 | D:10     | Found a runed translucent gate.
  9512 | D:10     | Noticed Faydane's ghost (journeyman HuHW)
  9514 | D:10     | Found a runed translucent gate.
  9722 | D:11     | Found a staircase to the Orcish Mines.
  9793 | D:11     | Noticed a deep elf pyromancer
  9802 | D:11     | XOM: noise
  9804 | D:11     | Killed a deep elf pyromancer
 10106 | D:11     | Noticed Josephine
 10122 | D:11     | Killed Josephine
 10123 | D:11     | Reached XP level 12. HP: 66/66 MP: 19/19
 10389 | D:11     | Reached skill level 10 in Short Blades
 10582 | D:11     | Identified the staff of death "Resolaol" {rC+ rN+ Int+2
                  | SInv}
 10659 | D:12     | XOM: noise
 10666 | D:12     | Reached ***** piety under Sif Muna
 10732 | D:12     | Received a gift from Sif Muna
 10735 | D:12     | Got Sif Muna's Compilation of the Fey Mob {god gift}
 11037 | D:12     | Noticed a centaur warrior
 11114 | D:12     | Noticed a two-headed ogre
 11121 | D:12     | Killed a two-headed ogre
 11228 | D:12     | Reached skill level 1 in Invocations
 11240 | D:12     | Reached skill level 2 in Invocations
 11261 | D:12     | Reached skill level 3 in Invocations
 11263 | D:12     | XOM: give mutations
 11263 | D:12     | Gained mutation: Your mind is acute. (Int +4, Str/Dex -1)
                  | [Xom's mischief]
 11263 | D:12     | Gained mutation: You sometimes lose your temper in combat.
                  | [Xom's mischief]
 11263 | D:12     | Gained mutation: You are vulnerable to cold. (rC-) [Xom's
                  | mischief]
 11263 | D:12     | Lost mutation: Your mind is acute. (Int +4, Str/Dex -1)
                  | [Xom's mischief]
 11272 | D:12     | Noticed Psyche
 11281 | D:12     | Killed Psyche
 11392 | D:12     | Killed a centaur warrior
 11393 | D:12     | Reached skill level 4 in Invocations
 11501 | D:12     | Noticed a boulder beetle
 11516 | D:12     | Killed a boulder beetle
 11517 | D:12     | Reached skill level 5 in Invocations
 11768 | D:12     | Reached skill level 6 in Invocations
 12023 | D:10     | Killed Faydane's ghost
 12024 | D:10     | Reached skill level 7 in Invocations
 12036 | D:10     | Lost mutation: You are vulnerable to cold. (rC-) [potion of
                  | mutation]
 12036 | D:10     | Lost mutation: Armour fits poorly on your strangely shaped
                  | body. [potion of mutation]
 12036 | D:10     | Lost mutation: You have an increased reservoir of magic.
                  | (+10% MP) [potion of mutation]
 12036 | D:10     | Gained mutation: You are somewhat resistant to further
                  | mutation. [potion of mutation]
 12037 | D:10     | Lost mutation: You are somewhat resistant to further
                  | mutation. [potion of mutation]
 12037 | D:10     | Lost mutation: You occasionally lose the ability to read
                  | scrolls when taking damage. [potion of mutation]
 12037 | D:10     | Lost mutation: You sometimes lose your temper in combat.
                  | [potion of mutation]
 12037 | D:10     | Gained mutation: Armour fits poorly on your strangely
                  | shaped body. [potion of mutation]
 12037 | D:10     | Gained mutation: You have a pair of small horns on your
                  | head. [potion of mutation]
 12037 | D:10     | Gained mutation: You are robust. (+10% HP) [potion of
                  | mutation]
 12150 | D:12     | XOM: god gift: stone
 12254 | D:12     | Reached XP level 13. HP: 77/77 MP: 19/19
 12361 | Lair:1   | Entered Level 1 of the Lair of Beasts
 12413 | Lair:1   | Reached skill level 8 in Invocations
 12459 | Lair:1   | Found a frozen archway.
 12476 | IceCv    | Entered an ice cave
 12500 | IceCv    | Received a gift from Sif Muna
 12895 | IceCv    | Reached skill level 9 in Invocations
 13060 | Lair:1   | Noticed Amaemon
 13073 | Lair:1   | Killed Amaemon
 13462 | Lair:1   | XOM: give mutation
 13462 | Lair:1   | Gained mutation: Your mind is acute. (Int +4, Str/Dex -1)
                  | [Xom's grace]
 13595 | Lair:1   | Reached skill level 10 in Invocations
 14219 | Lair:2   | Reached skill level 11 in Invocations
 14229 | Lair:2   | Received a gift from Sif Muna
 14242 | Lair:2   | Got Ebain's Incunabulum of the Birds and the Body {god
                  | gift}
 14409 | Lair:2   | Found a hole to the Spider Nest.
 14700 | Lair:2   | Learned a level 7 spell: Storm Form
 14752 | Lair:2   | XOM: torment (44/77 hp)
 14951 | Lair:2   | XOM: divination: detect items
 15042 | Lair:2   | Reached skill level 12 in Invocations
 15666 | Lair:3   | Slain by a death yak

Illustrated notes

Levels and vault maps discovered:
D:1:      dpeg_arrival_renting, layout_basic, serial_aquarium,
          aquarium_bridge_square [aquarium_subvault_wall,
          aquarium_subvault_wall, aquarium_subvault_bridge,
          aquarium_subvault_window], aquarium_window_corridor_1,
          aquarium_window_1, aquarium_window_fake, aquarium_window_fake,
          aquarium_view_2f, aquarium_balcony_3a
D:2:      layout_basic, chequers_serial_rivers_large_b, chequers_avenue,
          kennysheep_generic_room_12
D:3:      minmay_diamond_boxcup, layout_loops_ring, bloody_trog,
          mainiacjoe_overflow_concentric_impassable, serial_rivers,
          chequers_serial_rivers_large_a, chequers_serial_rivers_small_a,
          chequers_serial_rivers_micro_e, chequers_serial_rivers_micro_c,
          chequers_serial_rivers_micro_a, ebering_ecumenical_altar_mist,
          roderic_batcave, grunt_ministairs_1
D:4:      layout_loops_ring, kennysheep_mini, minivault_4,
          chequers_serial_rivers_micro_a, minmay_joined_circles, uniq_pikel,
          uniq_blork_the_orc
D:5:      layout_cave_pools
D:6:      layout_basic, nicolae_ossuary_entry_plus, portal_sewer_entry_e
D:7:      layout_cave_pods, minmay_temple_entry_glassed_door,
          nicolae_alphabet_shops
D:8:      layout_loops_ring, nicolae_uskayaw_dance_hall, general_overflow_altar,
          jmf_multi_god_temple, lemuel_crystal_altar, kennysheep_little_box,
          serial_shops, nicolae_shop_stone, minivault_10
D:9:      layout_grid_maze, serial_shops, shop
D:10:     minmay_evil_eye, layout_gridville, lair_entry_dummy,
          ploomutoo_gammafunk_ghost_potion_laboratory, minmay_misc_feat_x,
          hangedman_decor_riveting, billiards_dpeg, uniq_lodul
D:11:     minmay_the_grid_four_pointed_star_mashed
          [minmay_the_grid_triangle_9x9_zippers_horizontal,
          minmay_the_grid_triangle_9x9_shrine,
          minmay_the_grid_triangle_9x9_limited_checkers,
          minmay_the_grid_triangle_9x9_zippers_vertical,
          minmay_the_grid_prize_shrinking_boxes], layout_gridville, orc_0_dummy,
          uniq_josephine
D:12:     layout_basic, serial_undead, serial_undead_e, serial_undead_a,
          serial_undead_c, serial_undead_e, serial_undead_b, serial_undead_a,
          serial_undead_a, minivault_25, uniq_psyche
D:13:     layout_basic, nicolae_gozag_seed_capital, uniq_urug
Lair:1:   layout_chaotic_city, portal_ice_cave_entry_pillars_1,
          infiniplex_staircase_pool_2, grunt_megastairs_3, uniq_amaemon
Lair:2:   layout_cave_pods, nicolae_spider_entry_lesser_pyramids,
          chequers_serial_rivers_small_b, chequers_serial_rivers_micro_c,
          st_stairs_3, serial_bayou_pond_c
Lair:3:   layout_cave_shapes, elwin_shoals_entry_rocks,
          cheibrodos_lair_caveside_slide, grunt_megastairs_4

Skill      XL: |  1  2  3  4  5  6  7  8  9 10 11 12 13 |
---------------+----------------------------------------+-----
Spellcasting   | 2 3 |  3.2
Hexes          | 4 |  4.7
Dodging        | 3 4 6 9 10 | 10.7
Ranged Weapons | 3 4 5 7 9 10 11 | 11.0
Short Blades   | 1 3 5 9 11 | 11.9
Stealth        | 1 |  1.0
Fighting       | 9 |  9.1
Evocations     | 2 10 | 10.0
Invocations    | 7 12 | 12.6

Action                     |  1- 3 |  4- 6 |  7- 9 | 10-12 | 13-15 || total
---------------------------+-------+-------+-------+-------+-------++-------
  Melee: Dagger            |       |    53 |   175 |   494 |   328 ||  1050
         Punch             |       |       |     1 |     6 |     3 ||    10
         Headbutt          |       |       |       |     5 |   116 ||   121
         Unarmed           |       |       |       |       |    12 ||    12
   Fire: Sling             |   168 |    71 |    60 |   115 |    68 ||   482
   Cast: Slow              |     4 |       |       |       |       ||     4
         Storm Form        |       |       |       |       |     1 ||     1
 Invoke: Divine Exegesis   |       |       |       |       |     1 ||     1
    Use: Scroll            |       |     4 |    13 |     9 |     2 ||    28
         Potion            |       |       |    10 |     8 |     4 ||    22
   Stab: Distracted        |       |     1 |       |       |       ||     1
         Confused          |       |       |     1 |       |       ||     1
         Sleeping          |       |       |     3 |     2 |     2 ||     7
         Petrified         |       |       |       |     7 |       ||     7
         Petrifying        |       |       |       |     6 |       ||     6
 Armour: Robe              |     6 |     5 |    10 |    16 |     2 ||    39
         Skin              |       |       |       |       |     1 ||     1
  Dodge: Dodged            |    60 |    44 |   135 |   461 |   274 ||   974
